 Dungeon Crawl Stone Soup version 0.21-a0-274-gc1afaeb (webtiles) character file.

99 tof the Insei (level 4, -1/33 HPs)
             Began as a Demonspawn Transmuter on Sept 19, 2017.
             Slain by an adder (4 damage)
             ... on level 3 of the Dungeon.
             The game lasted 00:07:00 (2569 turns).

tof the Insei (Demonspawn Transmuter)               Turns: 2569, Time: 00:07:01

Health: -1/33      AC:  6    Str:  8 (10) XL:     4   Next: 45%
Magic:  1/8        EV: 12    Int: 13 (16) God:
Gold:   106        SH:  0    Dex: 10 (13) Spells: 5/8 levels left

rFire    + . .     SeeInvis .     - Unarmed
rCold    . . .     Gourm    .   (no shield)
rNeg     . . .     Faith    .   b - +0 robe
rPois    .         Spirit   .   (no helmet)
rElec    .         Reflect  .   (no cloak)
rCorr    .         Harm     .   (no gloves)
MR       +....                  n - +1 pair of boots
Stlth    +.........             (no amulet)
HPRegen  0.11/turn              p - ring of protection from magic
MPRegen  0.11/turn              (no ring)

@: lethally poisoned (-1 -> -8), appendage, very slightly contaminated
A: claws 1, horns 2, thin metallic scales 1, fire resistance 1
a: End Transformation


You were on level 3 of the Dungeon.
You were not hungry.
You had grown temporary horns.
You visited 1 branch of the dungeon, and saw 3 of its levels.

You collected 106 gold pieces.

Inventory:

Missiles
 a - 13 arrows
Armour
 b - a +0 robe (worn)
 n - a +1 pair of boots (worn)
Jewellery
 p - a ring of protection from magic (left claw)
Scrolls
 e - 3 scrolls of teleportation
 j - a scroll of remove curse {unknown}
 k - a scroll of enchant weapon {unknown}
 o - a scroll of blinking
 q - a scroll of enchant armour {unknown}
 t - a scroll of identify {unknown}
Potions
 i - a potion of lignification {unknown}
 r - a potion of heal wounds {unknown}
 s - a potion of berserk rage {unknown}
Books
 c - a book of Changes

   Spells                             Type                      Level
   a - Beastly Appendage              Transmutation                1
   b - Sticks to Snakes               Transmutation                2
   c - Spider Form                    Transmutation/Poison         3
   d - Ice Form                       Ice/Transmutation            4
   e - Blade Hands                    Transmutation                5
Comestibles
 d - 2 bread rations
 f - a royal jelly
 g - 4 fruits
 l - a meat ration
 m - 2 chunks of flesh


   Skills:
 + Level 2.0 Fighting
 + Level 2.2 Dodging
 * Level 3.4 Unarmed Combat
 + Level 2.6 Spellcasting
 + Level 2.2 Transmutations


You had 5 spell levels left.
You knew the following spells:

 Your Spells              Type           Power        Failure   Level  Hunger
a - Beastly Appendage     Tmut           #.....       10%         1    #......
b - Sticks to Snakes      Tmut           #.......     14%         2    ###....


Dungeon Overview and Level Annotations

Branches:
Dungeon (3/15)

Altars:


Innate Abilities, Weirdness & Mutations

You have sharp fingernails.
You are partially covered in thin metallic scales. (AC +2)
Your flesh is heat resistant. (rF+)
You have a pair of horns on your head.


Message History

Casting: Sticks to Snakes
Confirm with . or Enter, or press ? or * to list all spells.
You grow a pair of large bovine horns.
You feel sick. The adder closely misses you. The adder bites you.
* * * LOW HITPOINT WARNING * * *
You are lethally poisoned!
The adder poisons you!
* * * LOW HITPOINT WARNING * * *
You feel sick. The adder bites you but does no damage.
You hear the slow rusting of a very distant drain.
* * * LOW HITPOINT WARNING * * *
You feel sick.
* * * LOW HITPOINT WARNING * * *
You feel sick.
It was a potion of degeneration.
There was something very wrong with that liquid.
You feel weakened.
You feel dopey.
You feel clumsy. The adder bites you but does no damage. The adder bites you.
You die...

######
#####.##.########
#<....##....#..$
######.##.##.#.#######
...........#...........
#######.#######@#######
#........S.......
###......w.......
#......%.......
#..$...†.......
#..............
.................
..#.............. .
#..............


You could see a worm and an adder.

Vanquished Creatures
  A bullfrog zombie (D:3)
  A gnoll (D:1)
  An adder (D:2)
  An ooze (D:1)
  A worm (D:2)
  A dart slug (D:1)
  2 leopard geckos
  2 goblins
  6 jackals (D:1)
  A quokka (D:2)
  8 bats
  A frilled lizard (D:2)
  6 kobolds
  5 rats
37 creatures vanquished.

Vanquished Creatures (collateral kills)
  A bat (D:2)
  A rat (D:2)
2 creatures vanquished.

Grand Total: 39 creatures vanquished

Notes
Turn   | Place    | Note
-------+----------+-------------------------------------------
     0 | D:1      | tof the Demonspawn Transmuter began the quest for the Orb.
     0 | D:1      | Reached XP level 1. HP: 15/15 MP: 3/3
   205 | D:1      | Gained mutation: You have sharp fingernails. [demonic ancestry]
   205 | D:1      | Reached XP level 2. HP: 8/21 MP: 3/5
   490 | D:1      | Reached skill level 3 in Unarmed Combat
  1008 | D:1      | Gained mutation: You are partially covered in thin metallic scales. (AC +2) [demonic ancestry]
  1008 | D:1      | Reached XP level 3. HP: 17/26 MP: 4/6
  1487 | D:2      | Learned a level 2 spell: Sticks to Snakes
  2545 | D:3      | Gained mutation: Your flesh is heat resistant. (rF+) [demonic ancestry]
  2545 | D:3      | Reached XP level 4. HP: 31/33 MP: 6/8
  2569 | D:3      | Slain by an adder

Vault maps used:
D:1:      saegor_arrival_simple_c
D:2:      minmay_misc_feat_hallway, minmay_hedge_maze,
          kennysheep_generic_room_15
D:3:      lightli_sewer_entry_pipes, first_bread

Skill      XL: |  1  2  3 |
---------------+----------+-----
Dodging        | 2 |  2.2
Transmutations | 2 |  2.2
Unarmed Combat | 3 |  3.4
Fighting       | 2 |  2.0
Spellcasting   | |  2.6

Action                   |  1- 3 |  4- 6 || total
-------------------------+-------+-------++-------
Melee: Unarmed           |   129 |    12 ||   141
       Kick              |     5 |       ||     5
       Headbutt          |     7 |       ||     7
       Punch             |     2 |       ||     2
 Cast: Beastly Appendage |    31 |     1 ||    32
       Sticks to Snakes  |     5 |     2 ||     7
  Use: Scroll            |     2 |       ||     2
       Potion            |       |     1 ||     1
  Eat: Chunk             |     6 |       ||     6
Armor: Robe              |    33 |     6 ||    39
Dodge: Dodged            |    94 |    10 ||   104

Table legend:
 A = Spawn XP
 B = Non-spawn XP
 C = Spawn XP percentage of total XP
 D = Spawn monster count
 E = Non-spawn monster count
 F = Spawn count percentage of total count
 G = Total turns spent on level
                    A         B        C        D         E        F      G
               +---------+---------+-------+---------+---------+-------+---------
         Total |       0 |     142 |   0.0 |       0 |      39 |   0.0 |  2569
               +---------+---------+-------+---------+---------+-------+---------
           D:1 |       0 |      50 |   0.0 |       0 |      18 |   0.0 |  1380
           D:2 |       0 |      38 |   0.0 |       0 |      18 |   0.0 |  1136
           D:3 |       0 |      54 |   0.0 |       0 |       3 |   0.0 |    53
               +---------+---------+-------+---------+---------+-------+---------
